[Event "IX Iberoamericano Championship 2023"]
[Site "Panama City"]
[Date "2023.11.27"]
[Round "1.18"]
[White "Pastor Carvajal, Jeigoth"]
[Black "Zambrana, Osvaldo"]
[Result "1/2-1/2"]
[ECO "B23"]
[WhiteElo "1985"]
[BlackElo "2400"]
[Annotator "RC"]
[PlyCount "37"]
[EventDate "2023.11.27"]
[EventType "swiss"]
[EventCountry "PAN"]
[SourceTitle "playchess.com"]
[Source "ChessBase"]
[SourceQuality "1"]
[TimeControl "5400+30"]

1. e4 c5 2. Nc3 Nc6 3. Bb5 e6 4. Bxc6 bxc6 5. d3 d5 6. f4 Be7 7. Nf3 Nf6 8. O-O O-O 9. Qe1 d4 10. Na4 c4 11. dxc4 c5 12. e5 Nd7 13. b3 Bb7 14. Nb2 Qb6 15. Nd3 f6 16. Bd2 Qc6 17. Qg3 fxe5 18. fxe5 Rf5 19. Bh6 1/2-1/2

[Event "IX Iberoamericano Championship 2023"]
[Site "Panama City"]
[Date "2023.11.27"]
[Round "2.1"]
[White "Noboa Silva, Kevin"]
[Black "Henriquez Villagra, Cristobal"]
[Result "0-1"]
[ECO "E71"]
[WhiteElo "2318"]
[BlackElo "2630"]
[Annotator "TA"]
[PlyCount "78"]
[EventDate "2023.11.27"]
[EventType "swiss"]
[EventCountry "PAN"]
[SourceTitle "playchess.com"]
[Source "ChessBase"]
[SourceQuality "1"]
[TimeControl "5400+30"]

1. d4 Nf6 2. c4 g6 3. Nc3 Bg7 4. e4 d6 5. h3 Nbd7 6. Bd3 e5 {[%emt 0:01:35] E71: King's Indian: 4 e4 d6 5 h3.} 7. d5 Nc5 8. Bc2 Nh5 $5 {[%emt 0:01:05][%mdl 4] White is slightly better. An interesting side line.} 9. b4 Nd7 {[%emt 0:00:29] [#]} 10. Rb1 $146 ({Predecessor:} 10. a3 a5 11. Rb1 O-O 12. Nge2 Nf4 13. O-O b6 14. Nb5 Nxe2+ 15. Qxe2 axb4 16. axb4 {1-0 Parligras,M (2554)-Khandelwal,A (2255) EU-ch 23rd Vrnjacka Banja 2023 (1)}) 10... O-O 11. g3 a5 12. a3 Qe7 13. Be3 (13. Qe2 $11 {remains equal.}) 13... axb4 $17 14. axb4 Nb6 15. Bb3 f5 $1 16. c5 (16. Bd2 $15) 16... f4 17. gxf4 Nd7 (17... exf4 $17 18. Bd4 Nd7) 18. f5 Nf4 19. fxg6 Ng2+ 20. Kd2 Nxe3 (20... Kh8 {is more complex.} 21. Qh5 Nf6 22. Bg5 h6) 21. fxe3 hxg6 22. Nf3 Kh8 (22... dxc5 $2 23. d6+ $18) (22... Ra3 23. Rg1 $16 (23. Nb5 Nf6 $11)) 23. cxd6 Qxd6 24. Rf1 Bh6 25. Nh4 $1 Rxf1 26. Qxf1 Nf8 27. Qf7 (27. Qf2 $14) 27... Bd7 $1 $11 28. Rf1 Bg5 {[%emt 0:01:32] Dodges Rf6. The board is on fire.} 29. Nf3 {[%emt 0:01:50] [#]} (29. Qf2 $1 $11) 29... Bxe3+ $1 30. Kc2 {[%emt 0:01:08] [#]} (30. Kxe3 $2 Be8 31. Nxe5 Qb6+ 32. Kd2 Bxf7 33. Rxf7 Nh7 $19) (30. Kd3 b5) 30... Bh6 {[%emt 0:04:59] This pair of bishops is nice.} (30... Qxb4 $2 31. d6 $18 (31. Nxe5 Bd4 $11) (31. Nxe5 Bd4 $11)) (30... Ra3 $2 31. Nxe5 Ra8 32. Qf6+ (32. Nc4 Qh2+ 33. Kd3 Bh6 $16) 32... Qxf6 33. Rxf6 $18) (30... Nh7 $1 $17 {And now ...Rf8 would win.} 31. Nh4 Rg8) 31. h4 $15 Nh7 $1 {[%emt 0:07:07] Against Ng5. aiming for ...Rf8.} (31... Qxb4 $2 32. d6 $18 (32. Nxe5 Bg7 $11) (32. Nxe5 Bg7 $11)) (31... Ra3 32. Ng5 $11) 32. Nxe5 $2 {[%emt 0:00:25][%mdl 8192] White does not recover from this.} Qxe5 $19 33. Qxd7 {[%emt 0:00:05] [#]} Qh2+ $1 34. Kd3 Qd2+ ({Not} 34... Qxh4 35. Rg1 $15 (35. Qxc7 $2 {perishes.} Qh3+ 36. Kc2 Qg2+ 37. Kb1 Qxf1+ $19)) 35. Kc4 {[%emt 0:00:02] [#]} b5+ $1 {[%emt 0:00:22][%mdl 576] Deflection} 36. Qxb5 Bg7 37. Kc5 Qxc3+ 38. Qc4 Qe3+ 39. Kc6 Qb6+ {[%emt 0:00:05] A cool game by Henriquez Villagra.   Weighted Error Value: White=0.65/Black=0.14 (very precise)} 0-1

[Event "IX Iberoamericano Championship 2023"]
[Site "Panama City"]
[Date "2023.11.27"]
[Round "2.2"]
[White "Cori, Jorge"]
[Black "Martins, Bruno Andre Leite"]
[Result "1-0"]
[ECO "D05"]
[WhiteElo "2626"]
[BlackElo "2323"]
[Annotator "TA"]
[PlyCount "91"]
[EventDate "2023.11.27"]
[EventType "swiss"]
[EventCountry "PAN"]
[SourceTitle "playchess.com"]
[Source "ChessBase"]
[SourceQuality "1"]
[TimeControl "5400+30"]

1. d4 Nf6 2. Nf3 e6 3. e3 d5 4. Bd3 Bd6 5. O-O O-O 6. b3 c5 7. Bb2 b6 8. Nbd2 Bb7 9. Qe2 Nbd7 {[%emt 0:13:01] D05: Colle System with ...e6.} 10. Ne5 Qe7 (10... Qc7 $5 ) 11. a4 a6 {[%emt 0:04:45] The position is equal.} 12. f4 Rfc8 {[%emt 0:03:52] [#]} 13. f5 $146 (13. Rf3 $14) ({Predecessor:} 13. Rad1 Ne8 14. Rf3 f5 15. Rh3 Nef6 16. Rg3 Bxe5 17. fxe5 Ne4 18. Bxe4 fxe4 19. Nf1 {1-0 Bury,M (1461)-Bartnik,M (1581) Ustron op-C 2021 (6)}) 13... cxd4 14. exd4 Bb4 (14... exf5 $11 {keeps the balance.} 15. Rxf5 (15. Bxf5 g6 $11) 15... g6) 15. fxe6 $16 fxe6 16. Ndf3 Nxe5 (16... Ne4 $2 17. Nxd7 Qxd7 18. Ne5 $18) 17. Nxe5 (17. dxe5 Bc5+ 18. Bd4 Ne4 $11) 17... Rf8 $1 18. Rf3 Ne4 19. Raf1 Rxf3 20. Rxf3 Nf6 $2 {[%emt 0:09:46] [#]} (20... Rf8 $1 $14) 21. Bc1 $1 $18 {[%emt 0:01:36] Black must now prevent Bg5.} (21. c3 Bd6 $14) 21... Qc7 $2 (21... Rf8 {was worth a try.} 22. Rg3 (22. Bxa6 Bxa6 23. Qxa6 Qc7 $16) 22... Bd6) 22. Rh3 Rf8 23. Rf3 $2 (23. Bxa6 $2 Bxa6 24. Qxa6 Qxc2 $19) ({White has to play} 23. Qg4 $18 Bc8 24. Qh4) 23... Ne4 (23... Ra8 $1 $11 {remains equal.}) 24. Rxf8+ (24. Bxa6 Bxa6 25. Rxf8+ Bxf8 $17) (24. Be3 {is more complex.} Qc3 25. Kh1 Rxf3 26. Qxf3 Qc7 27. Qg4) 24... Bxf8 25. Be3 ({Stronger than} 25. Bxa6 Bxa6 26. Qxa6 Qxc2 $17) 25... Bd6 26. Qg4 ({Reject} 26. Bxa6 Bxa6 27. Qxa6 Qxc2 $11) 26... Qe7 27. h4 Nf6 28. Qg5 {[%emt 0:00:36] White has more active pieces.} Ne4 29. Qf4 (29. Qxe7 {simplifies} Bxe7 30. Nf3 Bd6 31. Bxe4 dxe4 32. Ng5) 29... Bc7 30. Qg4 Nf6 31. Qg5 Qb4 32. Kf1 {[%emt 0:01:11] Wards off Qe1+} Qc3 (32... Qf8 $14) 33. Ng4 $16 Bd8 (33... Qa1+ $2 34. Ke2 Nxg4 35. Qxg4 $18) 34. Nxf6+ Bxf6 35. Qh5 g6 {[%emt 0:00:29] [#]} (35... Kf8 $16) 36. Qg4 $1 $18 ({Inferior is} 36. Bxg6 hxg6 37. Qxg6+ Bg7 38. Qxe6+ Kh8 $11) 36... Bc8 37. h5 e5 38. Qf3 Qc6 {[%emt 0:01:08] Hoping for ...e4.} 39. hxg6 e4 (39... hxg6 {was called for.} 40. Bxg6 e4) 40. Qh5 Bg7 (40... hxg6 {was necessary.} 41. Qxg6+ Kf8) 41. gxh7+ $40 {[%emt 0:00:09][%mdl 128] White has strong attack.} Kh8 42. Be2 Be6 $2 (42... b5 43. axb5 axb5) 43. Bxa6 {[%emt 0:00:32] White is clearly winning.} Qd7 44. Bb5 Bf7 (44... Qd8 $142 45. c3 Qf6+ 46. Ke2 Bf7) 45. Bxd7 Bxh5 46. Ke1 {[%emt 0:00:25] Weighted Error Value: White=0.20 (precise) /Black=0.45} 1-0

[Event "IX Iberoamericano Championship 2023"]
[Site "Panama City"]
[Date "2023.11.27"]
[Round "2.3"]
[White "Baules Rodriguez, Jorge Luis"]
[Black "Mareco, Sandro"]
[Result "0-1"]
[ECO "E36"]
[WhiteElo "2283"]
[BlackElo "2606"]
[Annotator "TA"]
[PlyCount "156"]
[EventDate "2023.11.27"]
[EventType "swiss"]
[EventCountry "PAN"]
[SourceTitle "playchess.com"]
[Source "ChessBase"]
[SourceQuality "1"]
[TimeControl "5400+30"]

1. d4 Nf6 2. c4 e6 3. Nc3 Bb4 4. Qc2 d5 5. a3 Bxc3+ 6. Qxc3 Nbd7 {[%emt 0:00:17] 6...0-0 is the modern continuation.} 7. Nf3 O-O 8. Bg5 {[%emt 0:00:43] E36: Nimzo-Indian: Classical: 4...d5 5 a3.} h6 9. Bxf6 Nxf6 10. e3 {[%emt 0:01:50] The position is equal.} b6 {[%emt 0:02:35] [#]} 11. Bd3 $146 ({Predecessor:} 11. Be2 Ba6 12. cxd5 Bxe2 13. Kxe2 Qxd5 14. Rac1 Rac8 15. Qc6 Rfd8 16. Qxd5 Rxd5 17. Rc2 {½-½ Santos Latasa,J (2581)-Eljanov,P (2680) Gibraltar Masters 17th 2019 (9)}) 11... dxc4 12. Qxc4 Bb7 13. Be2 Rc8 14. O-O c5 15. Rfd1 Qe7 16. Rac1 Nd5 17. Qb3 Rc7 18. dxc5 bxc5 19. Nd2 Nb6 20. Bf3 Bxf3 21. Nxf3 c4 22. Qb5 Rfc8 23. Nd4 Nd5 (23... Rc5 $5 24. Qa6 Rd8 $11) 24. Ne2 Rc5 (24... Rb7 $5 25. Qa6 $8 Rcb8 $15) 25. Qa4 Rb8 26. Rxc4 Rxb2 27. Rxc5 Qxc5 28. Nf4 Nc3 $36 {[%emt 0:02:42][%mdl 2048] Black has strong initiative.} 29. Qe8+ Qf8 {[%emt 0:00:06] Black is more active.} 30. Qxf8+ Kxf8 $17 {[%emt 0:00:04][%mdl 4096] Endgame KRN-KRN} 31. Ra1 a5 32. h3 (32. Nd3 $142 Rd2 33. Nc5) 32... a4 ({Black should try} 32... Rb1+ 33. Rxb1 Nxb1) 33. Nd3 Rb3 34. Kf1 Ke7 35. Nc1 (35. Ke1 $17) 35... Kd6 $1 $19 36. Ke1 (36. Nxb3 $2 axb3 37. Re1 b2 $19) (36. Nd3 {was necessary.}) 36... Rb2 $1 37. Nd3 Re2+ 38. Kf1 Rd2 39. Nb4 {[%emt 0:00:25] [#]} (39. Ne1 {might work better.}) 39... Kc5 $1 40. Ke1 Re2+ 41. Kf1 {[%emt 0:00:01] [#]} Kc4 $1 42. Rc1 Rb2 43. Ke1 Kb3 44. Nd3 {[%emt 0:00:19] Nc5+ would be deadly.} Re2+ 45. Kf1 Rd2 46. Nc5+ Kb2 $1 (46... Kxa3 47. Rxc3+ Kb4 48. Nxa4 $18) 47. Nxa4+ Kxc1 (47... Nxa4 $2 {perishes.} 48. Rc7) 48. Nxc3 {[%emt 0:00:01] KR-KN} Kc2 49. Ne4 Rd5 {[%emt 0:00:21] ...Kd3 is the strong threat.} 50. Ke2 Kb3 51. a4 Kb4 ({Inferior is} 51... Kxa4 52. Nc3+ Kb4 53. Nxd5+ exd5 54. Kd3 $11) 52. g4 Rd8 ({Weaker is} 52... Kxa4 53. Nc3+ Kb4 54. Nxd5+ exd5 55. Kd3 $11) 53. Ng3 Kxa4 54. Nh5 g6 55. Nf4 g5 56. Nd3 Kb5 {[%emt 0:00:08] And now ...f6 would win.} 57. Ne5 f6 58. Nf3 Kc6 59. Nd2 $2 (59. h4) 59... Kd5 60. Kf3 Rc8 61. Ne4 Ke5 62. Ng3 f5 63. Nh5 Rc3 {[%emt 0:00:25] aiming for ...f4.} 64. Ng3 $2 (64. Kg2) 64... Ra3 (64... f4 $142 65. Ne4 Rc7) 65. Ne2 $2 (65. Kg2) 65... f4 {[%emt 0:01:03] Black is clearly winning.} 66. Nd4 fxe3 67. fxe3 Ra8 68. Nc6+ Kd6 69. Nd4 Rf8+ 70. Ke2 Kd5 71. Nb5 Ke5 {[%emt 0:00:46] White must now prevent ...Rb8.} 72. Nd4 Rf7 73. Nc6+ Ke4 {[%emt 0:00:48] Threatens to win with ...Rf3.} 74. Nd4 {[%emt 0:00:19] Against Rf3} Ra7 75. Kf2 Ra2+ 76. Kg3 e5 77. Nf5 Re2 {[%emt 0:00:09] Strongly threatening ...Kd3.} 78. Nxh6 Rxe3+ {[%emt 0:00:06] Weighted Error Value: White=0.23 (precise) /Black=0.11 (very precise)} 0-1

[Event "IX Iberoamericano Championship 2023"]
[Site "Panama City"]
[Date "2023.11.27"]
[Round "2.4"]
[White "Hernandez Guerrero, Gilberto"]
[Black "Solares Orozco, Kebert"]
[Result "1-0"]
[ECO "B11"]
[WhiteElo "2527"]
[BlackElo "2312"]
[Annotator "RC"]
[PlyCount "71"]
[EventDate "2023.11.27"]
[EventType "swiss"]
[EventCountry "PAN"]
[SourceTitle "playchess.com"]
[Source "ChessBase"]
[SourceQuality "1"]
[TimeControl "5400+30"]

1. e4 c6 2. Nc3 d5 3. Nf3 Nf6 4. e5 Ne4 5. Qe2 Nxc3 6. dxc3 Qb6 7. h3 e6 8. Qd2 Be7 9. Bd3 c5 10. c4 dxc4 11. Bxc4 Bd7 12. O-O Bb5 13. Bxb5+ Qxb5 14. a4 Qa6 15. Qf4 h6 16. Qg4 g5 17. Be3 Nd7 18. Rfd1 O-O-O 19. Qh5 Rdf8 20. Rd2 Nb6 21. b3 Nd5 22. Re1 c4 23. bxc4 Qxc4 24. Rd4 Qc6 25. Nd2 Kb8 26. Rc4 Qa6 27. Qf3 Bb4 28. Rxb4 Nxb4 29. Bc5 Nd5 30. c4 Nb6 31. Rb1 Rd8 32. Bd6+ Ka8 33. Qxf7 Qxa4 34. c5 Qd7 35. Qf3 Nc8 36. c6 1-0

[Event "IX Iberoamericano Championship 2023"]
[Site "Panama City"]
[Date "2023.11.27"]
[Round "2.5"]
[White "Villalba, Marcelo"]
[Black "Almeida Quintana, Omar"]
[Result "0-1"]
[ECO "B04"]
[WhiteElo "2241"]
[BlackElo "2509"]
[Annotator "RC"]
[PlyCount "64"]
[EventDate "2023.11.27"]
[EventType "swiss"]
[EventCountry "PAN"]
[SourceTitle "playchess.com"]
[Source "ChessBase"]
[SourceQuality "1"]
[TimeControl "5400+30"]

1. e4 Nf6 2. e5 Nd5 3. d4 d6 4. Nf3 g6 5. Bc4 c6 6. O-O Bg7 7. Re1 O-O 8. Qe2 Bg4 9. h3 Bxf3 10. Qxf3 dxe5 11. dxe5 e6 12. Bf1 Nd7 13. c4 Nb4 14. Qc3 c5 15. Nd2 h6 16. Nf3 g5 17. b3 f5 18. Bb2 g4 19. Nh2 Qg5 20. Rad1 Rf7 21. a3 Nc6 22. Qg3 gxh3 23. Qxh3 Nf8 24. f4 Qe7 25. Kh1 Ng6 26. Qe3 h5 27. Be2 Bh6 28. Rf1 h4 29. Rd6 Rg7 30. Bh5 Nxf4 31. Rxf4 Qg5 32. Ng4 fxg4 0-1

[Event "IX Iberoamericano Championship 2023"]
[Site "Panama City"]
[Date "2023.11.27"]
[Round "2.6"]
[White "Berdayes Ason, Dylan Isidro"]
[Black "Palma Villanueva, Miguel Ta"]
[Result "1-0"]
[ECO "C41"]
[WhiteElo "2507"]
[BlackElo "2286"]
[Annotator "RC"]
[PlyCount "95"]
[EventDate "2023.11.27"]
[EventType "swiss"]
[EventCountry "PAN"]
[SourceTitle "playchess.com"]
[Source "ChessBase"]
[SourceQuality "1"]
[TimeControl "5400+30"]

1. e4 d6 2. Nf3 Nd7 3. d4 e5 4. Bc4 Be7 5. dxe5 Nxe5 6. Nxe5 dxe5 7. Qh5 g6 8. Qxe5 Nf6 9. Bh6 Qd6 10. Qxd6 cxd6 11. Nc3 Be6 12. Bb5+ Kd8 13. Bf4 Rc8 14. f3 a6 15. Ba4 b5 16. Bb3 b4 17. Ne2 Bxb3 18. cxb3 Kd7 19. Kd2 d5 20. e5 Nh5 21. Be3 f6 22. Bd4 fxe5 23. Bxe5 Rhe8 24. Kd3 Bg5 25. f4 Bf6 26. Bxf6 Nxf6 27. Rhc1 Rxc1 28. Rxc1 Ng4 29. Kd2 Kd6 30. h3 Nf6 31. Nd4 Ne4+ 32. Ke3 Nc5+ 33. Kf3 Re4 34. Rd1 a5 35. Nc2 Ne6 36. g3 g5 37. Ne3 Nd4+ 38. Rxd4 Rxd4 39. Nf5+ Kc5 40. Nxd4 Kxd4 41. f5 Ke5 42. g4 h5 43. Ke3 h4 44. Kd3 d4 45. a3 Kd5 46. f6 Ke6 47. Kxd4 Kxf6 48. Ke4 1-0

[Event "IX Iberoamericano Championship 2023"]
[Site "Panama City"]
[Date "2023.11.27"]
[Round "2.7"]
[White "Rios Parra, Alejandro"]
[Black "Cuenca Jimenez, Jose Fernando"]
[Result "0-1"]
[ECO "C95"]
[WhiteElo "2185"]
[BlackElo "2505"]
[Annotator "RC"]
[PlyCount "168"]
[EventDate "2023.11.27"]
[EventType "swiss"]
[EventCountry "PAN"]
[SourceTitle "playchess.com"]
[Source "ChessBase"]
[SourceQuality "1"]
[TimeControl "5400+30"]

1. e4 e5 2. Nf3 Nc6 3. Bb5 a6 4. Ba4 Nf6 5. O-O Be7 6. Re1 b5 7. Bb3 d6 8. c3 O-O 9. h3 Nb8 10. d4 Nbd7 11. Nbd2 Bb7 12. Bc2 c5 13. d5 c4 14. Nf1 Qc7 15. Ng3 g6 16. Nh2 a5 17. Kh1 b4 18. f4 exf4 19. Bxf4 Ne5 20. Bxe5 dxe5 21. Rf1 Ne8 22. Qd2 Qd8 23. Nf3 f6 24. Nh2 Nd6 25. Rf2 Bc8 26. Raf1 Rb8 27. Ng4 bxc3 28. Qxc3 h5 29. Ne3 Qb6 30. Nd1 Rf7 31. Ne2 Bd7 32. Qg3 Rg7 33. Nec3 Rf8 34. Rf3 Qd4 35. Qe1 Bd8 36. Ne2 Qa7 37. Nec3 Rff7 38. Ne3 Qd4 39. Qc1 Rf8 40. Ne2 Qb6 41. Nc3 Qa7 42. Qe1 Bc8 43. Qc1 Bb6 44. Ned1 Qe7 45. Ne3 Rh7 46. Bb1 Ba7 47. Ncd1 Ba6 48. Nc3 Rg7 49. Qd1 Bd4 50. Qa4 Qc7 51. Ned1 Rgf7 52. Ne3 Qb6 53. Ned1 Kg7 54. Qc2 Bc8 55. Qd2 Kh7 56. Qe2 Qc7 57. Ne3 Kh8 58. Rg3 Rg7 59. Rgf3 Rgf7 60. Rg3 Kh7 61. Rgf3 Qc5 62. Kh2 h4 63. Qe1 g5 64. Qe2 Kg7 65. Ncd1 Bd7 66. Nc3 Qb4 67. g4 hxg3+ 68. Rxg3 Rh8 69. Kg2 Rh4 70. Ned1 Rf8 71. Qd2 Nf7 72. d6 Be6 73. d7 Rh6 74. Qe2 Qd6 75. Ne3 Qxd7 76. Nf5+ Bxf5 77. Rxf5 Nd6 78. Rff3 Bxc3 79. Rxc3 Qc6 80. b3 Rh4 81. Qe3 Nf5 82. Rxg5+ fxg5 83. Qxg5+ Kh8 84. Rxc4 Qh6 0-1

[Event "IX Iberoamericano Championship 2023"]
[Site "Panama City"]
[Date "2023.11.27"]
[Round "2.8"]
[White "Miranda Mesa, Elier"]
[Black "Hernandez Montes, Jhon Sebastian"]
[Result "1-0"]
[ECO "B07"]
[WhiteElo "2490"]
[BlackElo "2280"]
[Annotator "RC"]
[PlyCount "71"]
[EventDate "2023.11.27"]
[EventType "swiss"]
[EventCountry "PAN"]
[SourceTitle "playchess.com"]
[Source "ChessBase"]
[SourceQuality "1"]
[TimeControl "5400+30"]

1. e4 d6 2. d4 Nf6 3. Nc3 g6 4. Be2 Bg7 5. h4 c5 6. dxc5 Qa5 7. Bd2 Qxc5 8. h5 gxh5 9. Nh3 Bg4 10. Nf4 Nc6 11. f3 Be6 12. Nd3 Qb6 13. a4 a6 14. a5 Qc7 15. Nf4 Rg8 16. Kf1 Bh8 17. Ncd5 Bxd5 18. exd5 Ne5 19. c4 Rc8 20. Qa4+ Kf8 21. Rc1 Ng6 22. b4 b5 23. Qb3 Nxf4 24. Bxf4 Qb7 25. Kf2 bxc4 26. Rxc4 Rxc4 27. Bxc4 Nd7 28. Be3 Ne5 29. Rxh5 e6 30. Rxh7 Nxc4 31. Qxc4 exd5 32. Qh4 Qc7 33. Qh6+ Bg7 34. Rxg7 Qc2+ 35. Kg1 Rxg7 36. Qh8+ 1-0

[Event "IX Iberoamericano Championship 2023"]
[Site "Panama City"]
[Date "2023.11.27"]
[Round "2.9"]
[White "Ortiz Verdezoto, Anahi"]
[Black "Soto Hernandez, Henry"]
[Result "1-0"]
[ECO "A53"]
[WhiteElo "2175"]
[BlackElo "2490"]
[Annotator "RC"]
[PlyCount "159"]
[EventDate "2023.11.27"]
[EventType "swiss"]
[EventCountry "PAN"]
[SourceTitle "playchess.com"]
[Source "ChessBase"]
[SourceQuality "1"]
[TimeControl "5400+30"]

1. d4 Nf6 2. c4 d6 3. Nc3 e5 4. dxe5 dxe5 5. Qxd8+ Kxd8 6. Bg5 Be6 7. O-O-O+ Nbd7 8. Nf3 Kc8 9. e3 Ng4 10. Bh4 f6 11. h3 Nh6 12. g4 Nf7 13. Nd2 c6 14. Be2 Nb6 15. a3 a5 16. Bg3 g6 17. Bh4 Be7 18. Nce4 Nd7 19. Rdf1 Re8 20. Nc3 Bf8 21. f4 exf4 22. exf4 f5 23. gxf5 Bxf5 24. Bg4 Nd6 25. Re1 Kc7 26. Bf2 b6 27. Bxf5 Nxf5 28. Nde4 Bh6 29. Kc2 Bxf4 30. Rhf1 Be5 31. Na4 Re7 32. c5 b5 33. Nb6 Rae8 34. Nxd7 Kxd7 35. Rd1+ Kc7 36. Nc3 Bg7 37. Bg1 b4 38. axb4 axb4 39. Na4 Re2+ 40. Kb3 R8e4 41. Rd3 Rg2 42. Rfd1 Re7 43. Kxb4 Bxb2 44. Nb6 Bf6 45. Rd7+ Rxd7 46. Rxd7+ Kb8 47. Rxh7 Ba1 48. Nd7+ Kc8 49. Nb6+ Kd8 50. Rd7+ Ke8 51. Rd1 Bg7 52. Nc4 Ne7 53. Re1 Kd8 54. Kb3 Nd5 55. h4 Rg3+ 56. Ka4 Rg4 57. Kb3 Rxh4 58. Re6 Rh3+ 59. Ka4 Rg3 60. Bh2 Rg4 61. Kb3 Ne7 62. Be5 Bxe5 63. Nxe5 Rf4 64. Rxe7 Rf6 65. Rd7+ Ke8 66. Rd6 Rf5 67. Re6+ Kd8 68. Kc4 Rf4+ 69. Kd3 g5 70. Nxc6+ Kd7 71. Rd6+ Kc7 72. Nd4 Rf1 73. Ne6+ Kc8 74. Nxg5 Kc7 75. Ne6+ Kc8 76. Kc4 Rb1 77. Kd5 Ra1 78. Rd8+ Kb7 79. c6+ Ka7 80. c7 1-0

[Event "IX Iberoamericano Championship 2023"]
[Site "Panama City"]
[Date "2023.11.27"]
[Round "2.10"]
[White "Espinosa Veloz, Ermes"]
[Black "Arribas Robaina, Maritza"]
[Result "1-0"]
[ECO "C01"]
[WhiteElo "2478"]
[BlackElo "2174"]
[Annotator "RC"]
[PlyCount "43"]
[EventDate "2023.11.27"]
[EventType "swiss"]
[EventCountry "PAN"]
[SourceTitle "playchess.com"]
[Source "ChessBase"]
[SourceQuality "1"]
[TimeControl "5400+30"]

1. e4 e6 2. d4 d5 3. Nc3 Bb4 4. exd5 exd5 5. Qf3 Nf6 6. Bg5 Be6 7. Nge2 Nbd7 8. a3 Ba5 9. Nf4 O-O 10. b4 Bb6 11. Ncxd5 Bxd5 12. Nxd5 Bxd4 13. O-O-O c6 14. Nxf6+ Bxf6 15. Bxf6 Qxf6 16. Rxd7 Qa1+ 17. Kd2 Rae8 18. Qd1 Qxa3 19. Qb1 a5 20. Bd3 axb4 21. Qa1 b5 22. Ra7 1-0

[Event "IX Iberoamericano Championship 2023"]
[Site "Panama City"]
[Date "2023.11.27"]
[Round "2.11"]
[White "Cabezas Solano, David Alejandro"]
[Black "Diaz Perez, Michel Alejandro"]
[Result "1-0"]
[ECO "E01"]
[WhiteElo "2171"]
[BlackElo "2459"]
[Annotator "RC"]
[PlyCount "119"]
[EventDate "2023.11.27"]
[EventType "swiss"]
[EventCountry "PAN"]
[SourceTitle "playchess.com"]
[Source "ChessBase"]
[SourceQuality "1"]
[TimeControl "5400+30"]

1. d4 Nf6 2. Nf3 e6 3. g3 c5 4. Bg2 cxd4 5. Nxd4 d5 6. c4 e5 7. Nf3 d4 8. O-O Nc6 9. e3 Be7 10. exd4 exd4 11. Bf4 Be6 12. Nbd2 O-O 13. Re1 Qd7 14. Ne5 Nxe5 15. Bxe5 Ng4 16. Nf3 Nxe5 17. Nxe5 Qd6 18. Rc1 Rac8 19. Bxb7 Rc5 20. Bd5 Bxd5 21. cxd5 Rxd5 22. Nd3 Bf6 23. b4 a5 24. a3 axb4 25. axb4 g6 26. Qf3 Rf5 27. Qb7 Kg7 28. Rc7 Bd8 29. Rd7 Qf6 30. f4 Qb6 31. Qxb6 Bxb6 32. Re6 Rb8 33. Kg2 Kf8 34. Red6 Ke8 35. Ne5 Rd8 36. Rxd8+ Bxd8 37. Rxd4 Rf6 38. b5 Re6 39. Kf3 Bb6 40. Rd5 f6 41. Nc4 Bc7 42. Rd3 g5 43. f5 g4+ 44. Kf2 Re4 45. Re3 Rxe3 46. Kxe3 Kd7 47. Kd4 h5 48. Kd5 h4 49. gxh4 Bxh2 50. Ne3 g3 51. h5 Bg1 52. Ng2 Ke7 53. Ke4 Kf7 54. Kf3 Bf2 55. Ne3 Be1 56. b6 Ba5 57. Nd5 Bxb6 58. Nxb6 Kg7 59. Kxg3 Kh6 60. Kg4 1-0

[Event "IX Iberoamericano Championship 2023"]
[Site "Panama City"]
[Date "2023.11.27"]
[Round "2.12"]
[White "Matamoros Franco, Carlos S."]
[Black "Ramos Espinoza, Efren Andres"]
[Result "1-0"]
[ECO "A11"]
[WhiteElo "2455"]
[BlackElo "2170"]
[Annotator "RC"]
[PlyCount "61"]
[EventDate "2023.11.27"]
[EventType "swiss"]
[EventCountry "PAN"]
[SourceTitle "playchess.com"]
[Source "ChessBase"]
[SourceQuality "1"]
[TimeControl "5400+30"]

1. Nf3 Nf6 2. c4 c6 3. g3 d5 4. Bg2 dxc4 5. O-O Nbd7 6. Qc2 Nb6 7. Na3 Be6 8. Ng5 Bg4 9. Nxc4 Bxe2 10. Ne5 Qd4 11. Ngxf7 Bxf1 12. Kxf1 Rc8 13. Nf3 Qd5 14. Nxh8 Qg8 15. Ng5 Qxh8 16. Bh3 Ra8 17. Be6 g6 18. a4 Nbd5 19. a5 a6 20. Qb3 Rb8 21. d4 h6 22. Nf7 Qh7 23. Ne5 g5 24. Bf7+ Kd8 25. Bg6 Qg7 26. Nxc6+ Kc7 27. Ne5 e6 28. Bf7 Bd6 29. Bxe6 Nb4 30. Bd2 Qe7 31. Rc1+ 1-0

[Event "IX Iberoamericano Championship 2023"]
[Site "Panama City"]
[Date "2023.11.27"]
[Round "2.13"]
[White "Tapia Ostolaza, Alexei"]
[Black "De La Riva Aguado, Oscar"]
[Result "0-1"]
[ECO "A81"]
[WhiteElo "2166"]
[BlackElo "2437"]
[Annotator "RC"]
[PlyCount "78"]
[EventDate "2023.11.27"]
[EventType "swiss"]
[EventCountry "PAN"]
[SourceTitle "playchess.com"]
[Source "ChessBase"]
[SourceQuality "1"]
[TimeControl "5400+30"]

1. Nf3 f5 2. b3 d6 3. d4 Nf6 4. Bb2 g6 5. g3 Bg7 6. Bg2 O-O 7. O-O Qe8 8. Nbd2 Nc6 9. Qe1 e5 10. dxe5 dxe5 11. e4 f4 12. Nc4 Nh5 13. h3 b5 14. Na3 a6 15. c4 b4 16. Nc2 Rb8 17. a3 a5 18. axb4 axb4 19. Ra4 Qe7 20. Bc1 g5 21. Bd2 g4 22. hxg4 Bxg4 23. Nxb4 Nxb4 24. Rxb4 Qe6 25. Nh2 Rxb4 26. Bxb4 f3 27. Bh1 Rf6 28. Qd2 Nf4 29. Bxf3 Bxf3 30. Nxf3 Qh3 31. Nh4 h6 32. Be7 Rg6 33. Qe3 Bf8 34. Bxf8 Qxh4 35. Bc5 Nh3+ 36. Kg2 Nf4+ 37. Kg1 Qh3 38. Qf3 Rg5 39. Re1 Rh5 0-1

[Event "IX Iberoamericano Championship 2023"]
[Site "Panama City"]
[Date "2023.11.27"]
[Round "2.14"]
[White "Sanchez Alvarez, Roberto Carlos"]
[Black "Obregon Garcia, Roxangel"]
[Result "1-0"]
[ECO "D23"]
[WhiteElo "2437"]
[BlackElo "2138"]
[Annotator "RC"]
[PlyCount "81"]
[EventDate "2023.11.27"]
[EventType "swiss"]
[EventCountry "PAN"]
[SourceTitle "playchess.com"]
[Source "ChessBase"]
[SourceQuality "1"]
[TimeControl "5400+30"]

1. d4 d5 2. c4 c6 3. Nf3 Nf6 4. Qb3 dxc4 5. Qxc4 Bf5 6. g3 e6 7. Bg2 Be7 8. O-O O-O 9. e3 a5 10. Qe2 a4 11. a3 Qa5 12. Nc3 Qa6 13. Qxa6 Rxa6 14. Ne5 Bc2 15. e4 c5 16. d5 b5 17. Nxb5 Bxe4 18. Bxe4 Nxe4 19. Re1 exd5 20. Nc7 Rd6 21. Bf4 Ng5 22. Kf1 Nh3 23. Bc1 Bd8 24. Nb5 Rf6 25. f4 Ng5 26. Nc3 d4 27. Nxa4 Ba5 28. b4 cxb4 29. Bd2 Ne6 30. Rac1 Rd8 31. axb4 Bc7 32. Ng4 Rf5 33. Rxe6 Bxf4 34. gxf4 fxe6 35. Nc5 Re8 36. Ke2 h6 37. Kd3 Rd5 38. Ne5 g5 39. Ke4 Rdd8 40. fxg5 hxg5 41. Bxg5 1-0